 Dungeon Crawl Stone Soup version 0.31-a0-1611-g890cdf5628 (webtiles) character file.

Game seed: 11397490457518446352

382 javelincjr the Magician (level 7, -4/49 HPs)
             Began as a Djinni Hedge Wizard on Jan 8, 2024.
             Killed by divine providence
             ... invoked by an orc priest
              (16 damage)
             ... on level 7 of the Dungeon.
             The game lasted 00:12:03 (2341 turns).

javelincjr the Magician (Djinni Hedge Wizard)       Turns: 2341, Time: 00:12:04

Health: -4/49      AC:  3    Str:  9    XL:     7   Next: 5%
Gold:   122        EV: 13    Int: 19    God:
                   SH:  0    Dex: 13

rFire   + + .        d - +4 dagger of Bifofy {flame, rN+ Int+2 Stlth+}
rCold   x . .        (no shield)
rNeg    + . .        b - +0 robe
rPois   ∞            c - +1 hat
rElec   .            o - scarf {shadows}
rCorr   .            (no gloves)
SInv    .            (boots unavailable)
Will    .....        (no amulet)
Stlth   +++          (no ring)
HPRegen 0.28/turn    (no ring)
MPRegen 0.00/turn

%: infuse magic (-5 HP)
@: flying
A: sickness immunity, fire resistance 2, cold vulnerability 1, float, innate
caster, HP casting, extra vitality 1
a: no special abilities


You were on level 7 of the Dungeon.
You visited 1 branch of the dungeon, and saw 6 of its levels.

You collected 122 gold pieces.

Inventory:

Hand Weapons
 a - a +1 dagger
 d - the +4 dagger of Bifofy (weapon) {flame, rN+ Int+2 Stlth+}
   (You acquired it on level 6 of the Dungeon)

   Int+2:     It affects your intelligence (+2).
   rN+:       It protects you from negative energy.
   Stlth+:    It makes you more stealthy.
Armour
 b - a +0 robe (worn)
 c - a +1 hat (worn)
 o - a scarf of shadows (worn)
 p - a +0 helmet
Magical Staves
 h - a staff of conjuration
Scrolls
 e - a scroll of teleportation
 f - a scroll of vulnerability {unknown}
 i - a scroll of amnesia
Potions
 g - a potion of heal wounds {unknown}
 m - 2 potions of curing
 n - a potion of mutation {unknown}


   Skills:
 + Level 2.7 Fighting
 + Level 2.7 Armour
 + Level 3.9 Dodging
 - Level 1.5 Stealth
 * Level 4.4 Spellcasting
 * Level 4.4 Conjurations
 * Level 4.4 Hexes
   Level 0.0 Charms
 * Level 4.4 Summonings
 * Level 4.4 Necromancy
 * Level 4.4 Translocations
   Level 0.0 Transmutations
 * Level 4.4 Fire Magic
 * Level 4.4 Ice Magic
 * Level 4.4 Air Magic
 * Level 4.4 Earth Magic
 * Level 4.4 Alchemy


You knew the following spells:

 Your Spells              Type           Power      Damage    Failure   Level
a - Magic Dart            Conj           80%        1d7       2%          1
b - Slow                  Hex            80%        N/A       2%          1
c - Blink                 Tloc           40%        N/A       3%          2
d - Call Imp              Summ           40%        N/A       3%          2
e - Mephitic Cloud        Conj/Alch/Air  20%        N/A       6%          3
f - Freeze                Ice            80%        1d9       2%          1
g - Scorch                Fire           40%        2d6       3%          2
h - Confusing Touch       Hex            20%        N/A       6%          3
Your spell library was empty.

Dungeon Overview and Level Annotations

Branches:
Dungeon (7/15)
 Temple: D:4-7

Altars:
Gozag
Nemelex Xobeh
Trog
The Shining One

Annotations:
D:7 3 runed translucent doors


Innate Abilities, Weirdness & Mutations

You are immune to sickness and miasma.
You are immune to poison.
Your flesh is very heat resistant. (rF++)
You are vulnerable to cold. (rC-)
You float through the air rather than walking.
You learn spells naturally, not from books.
Your magical power is your life essence.
You have superior vitality. (+4 MHP)


Message History

The orc wizard barely misses the kobold.
The orc closely misses you.
You swap places.
The orc wizard is no longer more vulnerable to fire.
Your cerulean imp closely misses the orc.
The orc hits your cerulean imp with a +0 dagger.
Your magical contamination has completely faded away.
The kobold hits your cerulean imp but does no damage.
There is an escape hatch in the floor here.
There is a shaft here.
Something hits your cerulean imp.
Your cerulean imp disappears in a puff of smoke!
Casting: Call Imp (safe; 3% risk of failure)
Confirm with . or Enter, or press ? or * to list all spells.
A tiny devil pulls itself out of the air.
* * * LOW HITPOINT WARNING * * *
Your cerulean imp hits the kobold with a -2 spear.
The orc hits your cerulean imp but does no damage.
Your cerulean imp hits the orc but does no damage.
Your cerulean imp misses the orc.
Casting: Call Imp (safe; 3% risk of failure)
Confirm with . or Enter, or press ? or * to list all spells.
Flames lash the kobold.
You kill the kobold!
* * * LOW HITPOINT WARNING * * *
Something hits your cerulean imp but does no damage.
Found a long sword.
Casting: Scorch (safe; 3% risk of failure)
Confirm with . or Enter, or press ? or * to list all spells.
You can't see any susceptible monsters within range! (Use Z to cast anyway.)
You see here a +0 long sword.
Found 3 scrolls of enchant weapon.
Casting: Scorch (safe; 3% risk of failure)
Confirm with . or Enter, or press ? or * to list all spells.
Flames lash the kobold.
You kill the kobold!
* * * LOW HITPOINT WARNING * * *
The orc priest mumbles some strange prayers to Beogh against you.
Beogh smites you!
You die...

###.#...#.# #<#..
..........# #...#
#.#####...######..##
#.# #..####....##.
#.# #..##....### .
#.### #..oo..#...##.
#...###.####.###..##
#####.......#
##o>K^..#
##.....5@)####
#####...
?......##.#####
##...
#.##...##...oK#
#.... #.###.##...<..
#.#.# #. #.# .$....
#.#.# #.###o# ..)...
#...# #.##...##
...... ##o###
#.....o## ......
#o5... ###....)#
...... #.....


You could see an orc priest and a friendly cerulean imp (summoned).

Vanquished Creatures
  An ice beast (D:5)
  A black bear (D:6)
  A jelly (D:6)
  Jessica (D:2)
  2 sleepcaps (D:5)
  3 adders
  A ribbon worm (D:2)
  7 endoplasms
  A giant cockroach (D:1)
  4 goblins
  4 hobgoblins
  3 quokkas (D:1)
  3 ball pythons
  5 bats
  3 frilled lizards (D:1)
  10 kobolds
  3 rats
53 creatures vanquished.

Vanquished Creatures (collateral kills)
  An adder (D:2)
  A dart slug (D:2)
2 creatures vanquished.

Grand Total: 55 creatures vanquished

Notes
Turn   | Place    | Note
-------+----------+-------------------------------------------
     0 | D:1      | javelincjr the Djinni Hedge Wizard began the quest for the
                  | Orb.
     0 | D:1      | javelincjr set off with the following spells memorised:
                  | Magic Dart, Slow, Blink, Call Imp, Mephitic Cloud.
     0 | D:1      | Reached XP level 1. HP: 15/15 MP: 0/0
    93 | D:1      | Reached XP level 2. HP: 19/22 MP: 0/0
   518 | D:1      | Reached XP level 3. HP: 24/26 MP: 0/0
   518 | D:1      | Learned a level 1 spell: Freeze
   635 | D:1      | Reached skill level 1 in Fighting
   635 | D:1      | Reached skill level 1 in Armour
  1138 | D:2      | Noticed Jessica
  1141 | D:2      | Killed Jessica
  1142 | D:2      | Reached XP level 4. HP: 30/32 MP: 0/0
  1576 | D:2      | Reached XP level 5. HP: 34/37 MP: 0/0
  1576 | D:2      | Learned a level 2 spell: Scorch
  1863 | D:3      | You are sucked into a shaft and drop 3 floors!
  1871 | D:6      | Identified a scroll of acquirement
  1871 | D:6      | Acquired the +4 dagger of Bifofy {flame, rN+ Int+2 Stlth+}
  1919 | D:6      | Noticed a black bear
  1926 | D:6      | Found a bloodstained altar of Trog.
  1939 | D:5      | Entered Level 5 of the Dungeon
  1987 | D:5      | Found a sparkling altar of Nemelex Xobeh.
  2004 | D:5      | Noticed an ice beast
  2008 | D:5      | Killed an ice beast
  2009 | D:5      | Reached XP level 6. HP: 26/43 MP: 0/0
  2077 | D:5      | Found an opulent altar of Gozag.
  2161 | D:6      | Killed a black bear
  2161 | D:6      | Noticed a black bear
  2162 | D:6      | Reached XP level 7. HP: 25/49 MP: 0/0
  2162 | D:6      | Learned a level 3 spell: Confusing Touch
  2171 | D:6      | Noticed a steam dragon
  2182 | D:6      | HP: 1/49 [kobold/stone (2)]
  2203 | D:7      | Found a glowing golden altar of the Shining One.
  2255 | D:7      | Found a runed translucent gate.
  2256 | D:7      | Found a runed translucent gate.
  2257 | D:7      | Found a runed translucent gate.
  2283 | D:7      | HP: 2/49 [orc priest/divine providence (12)]
  2341 | D:7      | Killed from afar by an orc priest

Illustrated notes

Levels and vault maps discovered:
D:1:      minmay_arrival_up_and_down, layout_loops_cross
D:2:      layout_basic, glass_columns_a, minmay_misc_feat_rows,
          minmay_misc_feat_rugged, uniq_jessica
D:3:      layout_basic, mainiacjoe_overflow_surrounded_room,
          nicolae_concentric_dashed_squares_wild, minmay_misc_feat_roman,
          minmay_misc_feat_enclosed, chequers_mini_garden, uniq_sigmund
D:5:      layout_gridville, overflow_temple_1_default,
          mainiacjoe_overflow_alcove_1, hellmonk_no_cap, uniq_blork_the_orc,
          uniq_ijyb
D:6:      layout_basic, kennysheep_little_box, nicolae_overflow_crystal_walls,
          trog_ov_bears_minmay, portal_sewer_entry_b, serial_shops, shop
D:7:      lemuel_insect_pit, layout_loops_cross, lemuel_coloured_pillars_altar,
          tso_metal_star, minmay_temple_entry_mist, gammafunk_ghost_necromancy

Skill      XL: |  1  2  3  4  5 |
---------------+----------------+-----
Fighting       | 1 2 |  2.7
Armour         | 1 2 |  2.7
Dodging        | 3 |  3.9
Spellcasting   | 4 |  4.4
Conjurations   | 4 |  4.4
Hexes          | 4 |  4.4
Summonings     | 4 |  4.4
Necromancy     | 4 |  4.4
Translocations | 4 |  4.4
Fire Magic     | 4 |  4.4
Ice Magic      | 4 |  4.4
Air Magic      | 4 |  4.4
Earth Magic    | 4 |  4.4
Alchemy        | 4 |  4.4
Stealth        | |  1.5

Action                     |  1- 3 |  4- 6 |  7- 9 || total
---------------------------+-------+-------+-------++-------
   Cast: Magic Dart        |    67 |    27 |       ||    94
         Freeze            |       |     9 |       ||     9
         Call Imp          |       |     5 |     2 ||     7
         Scorch            |       |    16 |     7 ||    23
         Blink             |       |     1 |     1 ||     2
         Mephitic Cloud    |       |     1 |     2 ||     3
    Use: Scroll            |       |     7 |       ||     7
         Potion            |       |       |     1 ||     1
 Armour: Robe              |     1 |    14 |     4 ||    19
  Dodge: Dodged            |     2 |    13 |     6 ||    21

Table legend: (Time is in decaauts)
 A = Elapsed time spent in this place.
 B = Non-inter-level travel time spent in this place.
 C = Inter-level travel time spent in this place.
 D = Time resting spent in this place.
 E = Time spent auto-exploring this place.
 F = Levels seen in this place.
 G = Mean time per level.
                   A        B        C        D        E       F      G
               +--------+--------+--------+--------+--------+-----+--------+
         Total |   2339 |   2159 |    180 |      0 |   1565 |   6 |  389.8 |
       Dungeon |   2339 |   2159 |    180 |      0 |   1565 |   6 |  389.8 |
               +--------+--------+--------+--------+--------+-----+--------+

Top non-repeatable levels by time:
     D:2: 867 daAuts
     D:1: 769 daAuts
     D:3: 224 daAuts
     D:5: 216 daAuts
     D:7: 153 daAuts
     D:6: 106 daAuts
